Map: Blackburn LE

Players

Eleven

  • Race: Zerg Zerg
  • League: Diamond

ALLMIGHT - Winner!

  • Race: Zerg Zerg
  • League: Master

VOD

Have the link to the VOD?

Description

Time

  • Played on: Nov. 3, 2021, 7:32 p.m.
  • Length: 6:39
Show
View Real Time Build Order
Export as new Build Order

Eleven Zerg 

Build Orders: Hatch First 

Get SALT Encoding   

  12  0:01  Drone  
  13  0:12  Overlord  
  13  0:17  Drone  
  14  0:30  Drone x2  
  16  0:51  Hatchery  
  16  0:52  Drone  
  16  0:56  Drone  
  17  1:00  Drone  
  18  1:11  Extractor  
  17  1:18  Spawning Pool  
  16  1:19  Drone  
  16  1:21  Drone  
  18  1:28  Drone  
  19  1:52  Drone x2  
  21  2:04  Queen  
  21  2:05  Queen  
  21  2:06  Zergling x4  
  27  2:12  Overlord  
  27  2:23  Drone  
  27  2:24  Overlord  
  27  2:26  Metabolic Boost  
  28  2:35  Baneling Nest  
  27  2:37  Drone  
  27  2:38  Drone x2  
  30  2:48  Drone x2  
  31  3:02  Hatchery  
  31  3:05  Drone  
  31  3:11  Overlord  
  31  3:15  Zergling x2  
  31  3:16  Zergling x4  
  31  3:19  Zergling x2  
  35  3:22  Drone  
  36  3:31  Zergling x8  
  39  3:36  Drone x2  
  41  3:45  Drone x2  
  41  3:46  Overlord  
  43  3:51  Baneling  
  43  3:52  Baneling  
  43  3:53  Evolution Chamber  
  39  4:10  Drone x6  
  39  4:16  Drone x2, Queen  
  48  4:20  Zerg Missile Weapons Level 1  
  48  4:22  Extractor  
  48  4:23  Extractor  
  46  4:25  Drone x3  
  49  4:37  Drone x3, Roach Warren  
  51  4:39  Drone  
  52  4:46  Drone  
  53  4:54  Overlord x2  
  53  4:55  Overlord  
  53  5:04  Zergling x12  
  58  5:11  Spine Crawler x2  
  58  5:12  Zergling x2  
  56  5:17  Roach x2  
  56  5:19  Roach  
  64  5:21  Roach  
  64  5:24  Roach  
  64  5:27  Roach  
  64  5:36  Roach x3  
  64  5:37  Roach  
  64  5:41  Roach  
  72  5:45  Roach x2  
  72  5:49  Zergling x6  
  68  5:53  Roach  
  68  5:54  Roach  
  60  5:59  Roach  
  56  6:07  Roach x4  
  57  6:17  Roach x2  
Show
View Real Time Build Order
Export as new Build Order

ALLMIGHT Zerg - Winner!

Build Orders: Hatch First, Roach Nydus 

Get SALT Encoding   

  12  0:01  Drone  
  13  0:13  Overlord  
  13  0:17  Drone  
  14  0:31  Drone x2  
  16  0:49  Hatchery  
  15  0:52  Drone  
  15  0:56  Drone  
  17  1:00  Drone  
  18  1:10  Extractor  
  17  1:16  Spawning Pool  
  16  1:19  Drone  
  16  1:22  Drone  
  18  1:29  Drone  
  19  1:39  Drone  
  20  1:50  Overlord  
  20  2:05  Queen x2  
  20  2:07  Drone x2  
  26  2:13  Drone x2  
  28  2:22  Drone  
  29  2:23  Drone  
  30  2:36  Overlord  
  30  2:39  Drone  
  33  2:44  Queen  
  33  2:45  Lair  
  33  2:48  Overlord  
  33  2:49  Drone  
  34  2:57  Drone x2  
  36  3:04  Roach Warren  
  36  3:05  Drone  
  36  3:15  Evolution Chamber x2  
  36  3:18  Drone x4  
  38  3:22  Drone  
  39  3:33  Drone x2  
  41  3:37  Extractor  
  41  3:39  Extractor  
  39  3:42  Zerg Missile Weapons Level 1  
  39  3:45  Drone x2  
  39  3:46  Drone  
  39  3:48  Drone  
  43  3:49  Glial Reconstitution  
  43  4:01  Roach x3  
  43  4:02  Queen  
  51  4:09  Overlord x2  
  51  4:19  Overlord  
  51  4:27  Queen  
  51  4:29  Nydus Network  
  52  4:32  Overseer  
  52  4:36  Roach x2  
  52  4:37  Drone x3  
  59  4:42  Roach x2  
  63  4:48  Roach x2  
  67  4:58  Roach x3  
  73  5:05  Overlord x2  
  73  5:13  Roach  
  75  5:14  Overlord  
  75  5:15  Overlord  
  75  5:21  Nydus Canal  
  75  5:34  Ravager  
  76  5:40  Roach x7  
  87  5:52  Roach x4, Queen  
  91  6:18  Ravager  
  92  6:19  Roach  
  92  6:20  Roach x2  
  92  6:21  Hatchery  
Tags
 
Add a new tag
Caveats
  • Supply blocks, unpowered buildings, or Contaminate may cause inaccurate times.
  • Supply counts are checked every 10 seconds.